 Dungeon Crawl Stone Soup version 0.18.1-1-g2f07953 (webtiles) character file.

3472 barb4r1an the Fighter (level 10, 0/65 HPs)
             Began as a Gargoyle Berserker on May 6, 2016.
             Was an Elder of Trog.
             Slain by a wyvern (7 damage)
             ... on level 8 of the Dungeon.
             The game lasted 00:11:51 (6568 turns).

barb4r1an the Fighter (Gargoyle Berserker)          Turns: 6568, Time: 00:11:51

Health: 0/65       AC: 21    Str: 23    XL:     10   Next: 6%
Magic:  0/10       EV:  9    Int:  7    God:    Trog [****..]
Gold:   370        SH:  0    Dex: 11    Spells: 0 memorised, 9 levels left

rFire  . . .     SeeInvis .     E - +4 spear (freeze)
rCold  . . .     Gourm    .     H - +0 plate armour (curse)
rNeg   + . .     Faith    .     (no shield)
rPois  ∞         Spirit   +     (no helmet)
rElec  +         Dismiss  .     (no cloak)
rCorr  .         Reflect  .     y - +0 pair of gloves (curse)
SustAt +         Harm     .     (no boots)
MR     ++...                    w - amulet of guardian spirit (curse)
Stlth  ..........               d - ring of sustain attributes
                                n - ring of flight

@: regenerating, very resistant to hostile enchantments, extremely unstealthy
A: negative energy resistance 1, electricity resistance, unbreathing,
petrification resistance, rot immunity, AC +7
a: Berserk, Trog's Hand, Brothers in Arms, Burn Spellbooks, Renounce Religion,
Evoke Flight


You were on level 8 of the Dungeon.
You worshipped Trog.
Trog was greatly pleased with you.
You were very hungry.

You visited 1 branch of the dungeon, and saw 8 of its levels.

You collected 370 gold pieces.

Inventory:

Hand Weapons
 a - a +0 hand axe
 E - a +4 spear of freezing (weapon)
Armour
 r - a +0 chain mail
 y - a cursed +0 pair of gloves (worn)
 H - a cursed +0 plate armour (worn)
Jewellery
 d - a ring of sustain attributes (right hand)
 n - a ring of flight (left hand)
 s - an uncursed amulet of harm {unknown}
 w - a cursed amulet of guardian spirit (around neck)
 L - an uncursed ring of ice {unknown}
Wands
 t - a wand of polymorph (20/24)
Scrolls
 e - a scroll of recharging {unknown}
 i - 4 scrolls of enchant weapon
 l - a scroll of amnesia {unknown}
 m - a scroll of teleportation {unknown}
 p - 2 scrolls of immolation {unknown}
 q - 3 scrolls of noise
 x - a scroll of magic mapping {unknown}
 A - a scroll of holy word {unknown}
 B - a scroll of enchant armour {unknown}
 C - 2 scrolls of remove curse
 F - 4 scrolls of identify
 I - a scroll of blinking {unknown}
Potions
 b - 3 potions of lignification
 f - 3 potions of brilliance
 g - a potion of ambrosia
 o - 2 potions of haste
 u - a potion of degeneration
 v - 2 potions of curing
 z - 3 potions of flight
 J - a potion of heal wounds {unknown}
 K - a potion of mutation {unknown}
Books
 D - a book of Cantrips

   Spells                             Type                      Level
   a - Corona                         Hexes                        1
   b - Animate Skeleton               Necromancy                   1
   c - Summon Small Mammal            Summoning                    1
   d - Apportation                    Translocation                1
   Trog disapproves of the use of such an item.
Comestibles
 c - 2 bread rations
 h - a slice of pizza
 j - a meat ration
 k - 3 beef jerkies
 G - a royal jelly


   Skills:
 + Level 8.4 Fighting
 - Level 6.1(6.7) Axes
 * Level 3.8(5.5) Polearms
 + Level 7.4 Armour
 + Level 5.8 Dodging
 - Level 0.2 Stealth


You had 9 spell levels left.
You didn't know any spells.

Dungeon Overview and Level Annotations

Branches:
Dungeon (8/15)             Temple (0/1) D:5
   Lair: D:8-11

Altars:
Cheibriados
Nemelex Xobeh
Pakellas
Qazlal
Ru
Sif Muna
Vehumet
Xom


Innate Abilities, Weirdness & Mutations

You are resistant to torment.
Your stone body is resilient (AC +7).
You are immune to poison.
You resist negative energy.
You are resistant to electric shocks.
You can survive without breathing.
You are immune to petrification.
You are immune to rotting.


Message History

The wyvern bites you!
* * * LOW HITPOINT WARNING * * *
The wyvern completely misses you.
Things that are here:
a dagger; a robe The wyvern bites you but does no damage.
You see here a river rat corpse.
You hit the wyvern. You freeze the wyvern.
The wyvern is lightly wounded.
The wyvern bites you.
* * * LOW HITPOINT WARNING * * *
You hit the wyvern but do no damage.
The wyvern is lightly wounded.
The wyvern bites you but does no damage.
You hit the wyvern. You freeze the wyvern.
The wyvern is moderately wounded.
The wyvern bites you!
* * * LOW HITPOINT WARNING * * *
The wyvern bites you!
You die...

###### ###....####
##.........###
####..?.P@P.P...#
###.......lP†......
#......P[)P)†...P..
###......†.P.P.PP..P.
#...........)####.P?P
#.#......P...# P.P.
##......P..#


.PP #......P.!.# P. ## #.........P.. You could see a wyvern.

Vanquished Creatures
  Pikel (D:5)
  Grinder (D:6)
  Menkaure (D:4)
  A water moccasin (D:7)
  4 orc warriors
  2 phantoms
  4 ogres
  A centaur (D:5)
  4 crocodiles (D:8)
  Blork the orc (D:4)
  A gnoll sergeant (D:6)
  A scorpion (D:4)
  6 killer bees
  4 howler monkeys (D:7)
  2 crimson imps
  A jelly (D:6)
  A hound (D:8)
  A giant frog skeleton (D:4)
  An orc priest (D:8)
  4 orc wizards
  6 worker ants
  A hound skeleton (D:5)
  Robin (D:3)
  3 gnolls
  A howler monkey skeleton (D:5)
  10 adders
  6 river rats
  An ooze (D:1)
  An adder skeleton (D:8)
  6 worms
  A dart slug (D:3)
  4 giant geckos
  12 orcs
  7 giant cockroaches
  18 goblins
  5 hobgoblins
  3 jackals (D:5)
  5 quokkas
  3 ball pythons
  18 bats
  2 giant gecko zombies (D:5)
  10 giant newts
  4 kobolds
  15 rats
185 creatures vanquished.

Vanquished Creatures (others)
  2 fungi (D:8)
2 creatures vanquished.

Grand Total: 187 creatures vanquished

Notes
Turn   | Place    | Note
--------------------------------------------------------------
     0 | D:1      | barb4r1an the Gargoyle Berserker began the quest for the Orb.
     0 | D:1      | Reached XP level 1. HP: 14/14 MP: 1/1
   101 | D:1      | Reached XP level 2. HP: 12/19 MP: 2/2
   482 | D:2      | Reached XP level 3. HP: 24/24 MP: 3/3
   729 | D:2      | Reached ** piety under Trog
   830 | D:2      | Reached skill level 4 in Fighting
   929 | D:2      | Reached XP level 4. HP: 20/29 MP: 4/4
  1025 | D:3      | Found an oddly glowing altar of Pakellas.
  1216 | D:3      | Found a deep blue altar of Sif Muna.
  1486 | D:3      | Found a stormy altar of Qazlal.
  1593 | D:3      | Found a shimmering altar of Xom.
  1828 | D:4      | Reached XP level 5. HP: 26/33 MP: 5/5
  1932 | D:4      | Reached *** piety under Trog
  1964 | D:4      | Noticed Blork the orc
  1989 | D:4      | Killed Blork the orc
  1989 | D:4      | Reached XP level 6. HP: 7/39 MP: 0/6
  2251 | D:4      | Noticed a phantom
  2252 | D:4      | Noticed Robin
  2252 | D:4      | Noticed Menkaure
  2459 | D:3      | Killed Robin
  2500 | D:3      | Killed a phantom
  2500 | D:3      | Reached skill level 5 in Fighting
  2500 | D:3      | Reached XP level 7. HP: 43/44 MP: 7/7
  2512 | D:4      | Killed Menkaure
  2696 | D:4      | Found a snail-covered altar of Cheibriados.
  2920 | D:5      | Entered Level 5 of the Dungeon
  2920 | D:5      | Found a staircase to the Ecumenical Temple.
  3105 | D:5      | Reached XP level 8. HP: 31/51 MP: 4/8
  3154 | D:5      | Reached skill level 5 in Axes
  3154 | D:5      | Reached skill level 5 in Armour
  3292 | D:5      | Reached skill level 6 in Fighting
  3576 | D:5      | Noticed Pikel
  3615 | D:5      | Killed Pikel
  4083 | D:6      | Reached skill level 7 in Fighting
  4133 | D:6      | Noticed Grinder
  4141 | D:6      | Killed Grinder
  4141 | D:6      | Reached skill level 5 in Dodging
  4141 | D:6      | Reached XP level 9. HP: 57/57 MP: 9/9
  4765 | D:6      | Reached **** piety under Trog
  4879 | D:7      | Found a radiant altar of Vehumet.
  5430 | D:7      | Reached skill level 1 in Polearms
  5600 | D:7      | Found a sacrificial altar of Ru.
  5907 | D:8      | Found a sparkling altar of Nemelex Xobeh.
  6040 | D:7      | Reached skill level 8 in Fighting
  6375 | D:8      | Found a stormy altar of Qazlal.
  6486 | D:8      | Reached XP level 10. HP: 61/64 MP: 10/10
  6568 | D:8      | Slain by a wyvern

Skill      XL: |  1  2  3  4  5  6  7  8  9 |
---------------+----------------------------+-----
Axes           | 3 4 5 6 |  6.1
Dodging        | 2 3 4 5 |  5.8
Fighting       | 4 5 7 8 |  8.4
Armour         | 3 4 6 7 |  7.4
Polearms       | 3 |  3.8
Stealth        | |  0.2

Action                   |  1- 3 |  4- 6 |  7- 9 | 10-12 || total
-------------------------+-------+-------+-------+-------++-------
Melee: Hand axe          |    13 |    88 |   371 |       ||   472
       Whip              |   123 |   115 |       |       ||   238
       Spear             |       |       |   203 |    73 ||   276
Invok: Berserk           |       |       |     3 |       ||     3
       Trog's Hand       |       |       |     6 |     1 ||     7
  Use: Scroll            |     5 |       |     7 |       ||    12
  Eat: Chunk             |       |     3 |     9 |       ||    12
       Bread ration      |       |     1 |     1 |       ||     2
       Pizza             |       |       |     1 |       ||     1
Armor: Animal skin       |    20 |       |       |       ||    20
       Robe              |    38 |       |       |       ||    38
       Chain mail        |    10 |   131 |   405 |       ||   546
       Plate armour      |       |       |    77 |    88 ||   165
Dodge: Dodged            |   110 |    82 |   416 |    42 ||   650
